 Dungeon Sprint DCSS version 0.31-a0-204-g7da18cac08 (webtiles) character file.

Game seed: 10547849728152785678

553 rocky1 the Carver (level 6, -10/79 HPs)
             Began as a Demigod Gladiator on June 28, 2023.
             Mangled by a komodo dragon (23 damage)
             ... in the Dungeon (Sprint VII: "The Pits").
             The game lasted 00:02:25 (1217 turns).

rocky1 the Carver (Demigod Gladiator)               Turns: 1217, Time: 00:02:26

Health: -10/79     AC: 11    Str: 15    XL:     6   Next: 80%
Magic:  8/8        EV: 13    Int: 10    God:
Gold:   0          SH:  0    Dex: 23    Spells: 5/5 levels left

rFire   . . .        q - +3 scimitar
rCold   . . .        (no shield)
rNeg    . . .        p - +3 scale mail
rPois   .            c - +0 helmet
rElec   .            (no cloak)
rCorr   .            (no gloves)
SInv    .            (no boots)
Will    .....        (no amulet) Stlth
                     (no ring)
HPRegen 0.33/turn    (no ring)
MPRegen 0.11/turn

%: no teleportation
@: berserking, very quick
A: high MP 1, forlorn, divine attributes
a: no special abilities


You were in the Dungeon.
You visited 1 branch

Inventory:

Hand Weapons
 a - a +0 long sword
 o - a +0 long sword of flaming
 q - a +3 scimitar (weapon)
Missiles
 d - 3 throwing nets (quivered)
 e - a javelin
Armour
 b - a +0 leather armour
 c - a +0 helmet (worn)
 p - a +3 scale mail (worn)
Scrolls
 k - a scroll of blinking
 m - 5 scrolls of amnesia
 n - a scroll of summoning
Potions
 f - 5 potions of curing
 g - 5 potions of heal wounds
 h - a potion of haste
 i - 4 potions of magic
 j - 2 potions of berserk rage
 l - a potion of invisibility


   Skills:
 + Level 4.7 Fighting
 * Level 10.3 Long Blades
 - Level 1.8 Throwing
 + Level 4.6 Armour
 + Level 5.7 Dodging
 + Level 5.6 Stealth


You had 5 spell levels left.
You didn't know any spells.
Your spell library was empty.

Dungeon Overview and Level Annotations

Branches:
Dungeon (1/1)


Innate Abilities, Weirdness & Mutations

You have an increased reservoir of magic. (+10% MP)
You shall have no god before yourself.
Your divine heritage dramatically boosts your attributes as you level up.


Message History

The river rat is moderately wounded.
The river rat barely misses you.
You slash the river rat!
You kill the river rat!
You see here a river rat corpse.
You start resting.
HP restored.
You start waiting.
You start waiting.
You open the door.
A worm comes into view.
There is an open door here.
The helpless worm fails to defend itself.
You slash the worm!
The worm is severely wounded.
You slash the worm!
You kill the worm!
You open the door.
A komodo dragon comes into view.
There is an open door here.
Okay, then.
The helpless komodo dragon fails to defend itself.
You hit the komodo dragon.
The komodo dragon is lightly wounded.
The komodo dragon bites you!!
Ouch! That really hurt!
Unknown command.
You feel much better. The komodo dragon bites you!
A red film seems to cover your vision as you go berserk!
You feel yourself moving faster!
You feel mighty! The komodo dragon bites you!
You slice the komodo dragon!!
The komodo dragon is heavily wounded.
You hit the komodo dragon but do no damage.
The komodo dragon is heavily wounded.
The komodo dragon bites you!!
* * * LOW HITPOINT WARNING * * *
You hit the komodo dragon.
The komodo dragon is severely wounded.
The komodo dragon bites you!!
You die...

#)#..'..))[##.......##..#
#)#..#.))).##.......##..#
#)###########.......##..h
#..#.#.## #########
#.......# ##.#†#.##
#.......#+# ##.#.#.##l+
#.......#@# ##.#.#..'.#
##########


You could see a komodo dragon.

Vanquished Creatures
  Grinder (D)
  A sky beast (D)
  A centaur (D)
  3 wights (D)
  2 adders (D)
  A river rat (D)
  An ufetubus (D)
  An adder zombie (D)
  A worm (D)
  A giant cockroach (D)
  A quokka (D)
  A bat (D)
  2 frilled lizards (D)
17 creatures vanquished.

Vanquished Creatures (others)
  A black bear (D)
  A wight (D)
2 creatures vanquished.

Grand Total: 19 creatures vanquished

Notes
Turn   | Place    | Note
-------+----------+-------------------------------------------
     0 | D        | rocky1 the Demigod Gladiator began the quest for the Orb.
     0 | D        | Reached XP level 1. HP: 17/17 MP: 3/3
    12 | D        | Noticed a black bear
    69 | D        | Reached skill level 3 in Long Blades
    92 | D        | Reached skill level 4 in Long Blades
    92 | D        | Reached XP level 2. HP: 13/24 MP: 4/4
   343 | D        | Reached skill level 1 in Armour
   351 | D        | Reached skill level 5 in Long Blades
   669 | D        | Noticed a wight
   670 | D        | Noticed a wight
   670 | D        | Noticed a centaur
   670 | D        | Noticed a black bear
   670 | D        | Noticed a wight
   678 | D        | Noticed a sky beast
   681 | D        | Killed a wight
   682 | D        | Reached skill level 6 in Long Blades
   682 | D        | Reached skill level 1 in Stealth
   682 | D        | Reached XP level 3. HP: 24/30 MP: 5/5
   682 | D        | Reached XP level 4. HP: 30/37 MP: 6/6
   683 | D        | Killed a black bear
   693 | D        | Killed a centaur
   694 | D        | Reached skill level 7 in Long Blades
   696 | D        | Reached skill level 8 in Long Blades
   696 | D        | Reached skill level 5 in Dodging
   696 | D        | Reached XP level 5. HP: 25/46 MP: 7/7
   719 | D        | Killed a sky beast
   720 | D        | Reached skill level 9 in Long Blades
   720 | D        | Reached XP level 6. HP: 17/52 MP: 8/8
   990 | D        | Noticed Grinder
  1001 | D        | Killed Grinder
  1002 | D        | Reached skill level 10 in Long Blades
  1002 | D        | Reached skill level 5 in Stealth
  1210 | D        | Noticed a komodo dragon
  1217 | D        | Mangled by a komodo dragon

Illustrated notes

Levels and vault maps discovered:
D:        pitsprint [storerooms_1, entrance_room_1, metal_vault_3, armoury_1,
          mini_pit_1, grid_room_1, main_hall_1, silver_pit, the_coven_3,
          the_vestibule_1, steel_vault_2, golden_pit, hallway_of_sentries,
          crystal_vault_4, iron_vault_4, final_vault]

Skill      XL: |  1  2  3  4  5  6 |
---------------+-------------------+-----
Long Blades    | 4 6 8 9 10 | 10.3
Dodging        | 3 4 5 |  5.7
Fighting       | 2 3 4 |  4.7
Armour         | 2 3 4 |  4.6
Stealth        | 1 3 4 5 |  5.6
Throwing       | |  1.8

Action                     |  1- 3 |  4- 6 || total
---------------------------+-------+-------++-------
  Melee: Long sword        |    43 |    20 ||    63
         Scimitar          |       |    26 ||    26
    Use: Potion            |     2 |     2 ||     4
   Stab: Invisible         |     2 |     7 ||     9
         Sleeping          |       |     2 ||     2
 Armour: Leather armour    |    19 |       ||    19
         Scale mail        |     1 |    15 ||    16
  Dodge: Dodged            |    31 |    30 ||    61

Table legend: (Time is in decaauts)
 A = Elapsed time spent in this place.
 B = Non-inter-level travel time spent in this place.
 C = Inter-level travel time spent in this place.
 D = Time resting spent in this place.
 E = Time spent auto-exploring this place.
 F = Levels seen in this place.
 G = Mean time per level.
                   A        B        C        D        E       F      G
               +--------+--------+--------+--------+--------+-----+--------+
         Total |   1223 |   1157 |     66 |    890 |     12 |   1 | 1223.0 |
       Dungeon |   1223 |   1157 |     66 |    890 |     12 |   1 | 1223.0 |
               +--------+--------+--------+--------+--------+-----+--------+

Top non-repeatable levels by time:
       D: 1223 daAuts
